Map: Golden Wall LE

Players

Scarlett

  • Race: Zerg Zerg
  • Spawn Location: 5:00

Astrea - Winner!

  • Race: Protoss Protoss
  • League: Master
  • Spawn Location: 7:00

Event: DreamHack SC2 Masters 2020 Fall

VOD

Have the link to the VOD?

Description

Time

  • Played on: Sept. 13, 2020, 8:04 p.m.
  • Length: 7:57

All games in this series

Show
View Real Time Build Order
Export as new Build Order

Scarlett Zerg 

Build Orders: Hatch First 

Get SALT Encoding   

  12  0:00  Drone  
  13  0:12  Overlord  
  13  0:17  Drone  
  14  0:30  Drone x2  
  16  0:48  Hatchery  
  15  0:51  Drone  
  15  0:54  Drone  
  17  0:58  Drone  
  18  1:08  Extractor  
  17  1:13  Spawning Pool  
  17  1:17  Drone  
  17  1:21  Drone  
  18  1:28  Drone  
  19  1:39  Drone  
  20  1:49  Drone  
  21  2:00  Queen  
  21  2:01  Queen  
  25  2:02  Overlord, Zergling x2  
  26  2:12  Drone x2  
  28  2:21  Drone x2  
  30  2:32  Drone x2  
  30  2:36  Queen  
  34  2:41  Queen  
  34  2:42  Overlord  
  36  2:47  Overlord  
  36  3:02  Drone x2  
  38  3:05  Spore Crawler  
  38  3:06  Drone x2  
  38  3:08  Drone  
  38  3:09  Drone x2  
  38  3:10  Drone x3  
  46  3:17  Lair  
  46  3:19  Drone x2  
  48  3:27  Extractor  
  48  3:28  Evolution Chamber  
  48  3:29  Drone x2  
  48  3:33  Roach Warren  
  47  3:40  Drone  
  47  3:41  Drone  
  49  3:43  Extractor  
  49  3:44  Drone  
  49  3:46  Drone x2  
  51  3:50  Overlord x2  
  51  3:53  Zerg Missile Weapons Level 1  
  51  4:05  Hatchery  
  50  4:13  Roach x4  
  50  4:14  Overseer  
  58  4:18  Roach  
  58  4:21  Roach, Overseer  
  62  4:24  Overlord  
  62  4:29  Glial Reconstitution  
  62  4:33  Roach  
  64  4:40  Roach x2  
  68  4:55  Drone x4  
  68  4:57  Extractor  
  68  4:59  Roach x2  
  75  5:00  Overseer  
  75  5:06  Overlord x4  
  74  5:17  Drone x2  
  71  5:24  Drone x2  
  71  5:35  Drone x8  
  75  5:39  Spire  
  78  5:46  Queen  
  80  5:50  Pneumatized Carapace  
  80  5:54  Hatchery  
  78  6:00  Drone x2  
  78  6:08  Drone x6  
  84  6:14  Drone  
  84  6:17  Overlord  
  85  6:20  Overlord x2  
  85  6:25  Drone  
  86  6:32  Overlord  
  86  6:33  Drone x3  
  86  6:37  Drone x3, Extractor  
  86  6:38  Extractor  
  90  6:43  Drone x2  
  92  6:47  Hydralisk Den  
  92  6:52  Drone x2  
  93  7:00  Overlord  
  93  7:02  Roach x2  
  93  7:04  Roach x3  
  93  7:05  Ravager x4  
  93  7:06  Ravager  
  108  7:09  Ravager x2  
  108  7:11  Roach  
  112  7:16  Roach x2  
  112  7:18  Roach x2  
  120  7:32  Roach x7  
Show
View Real Time Build Order
Export as new Build Order

Astrea Protoss - Winner!

Build Orders: 1 Gate Expand, Zealot Archon, Dark Templar Rush 

Get SALT Encoding   

  12  0:00  Probe  
  13  0:12  Probe  
  14  0:18  Pylon  
  14  0:24  Probe (Chrono Boost)  
  15  0:36  Probe (Chrono Boost)  
  15  0:37  Gateway  
  16  0:44  Probe (Chrono Boost)  
  16  0:48  Assimilator  
  17  0:50  Probe  
  18  1:03  Probe  
  19  1:15  Probe  
  20  1:25  Nexus  
  20  1:34  Cybernetics Core  
  20  1:38  Probe  
  21  1:43  Assimilator  
  21  1:50  Probe  
  21  1:52  Pylon  
  22  2:02  Probe (Chrono Boost)  
  22  2:08  Adept (Chrono Boost)  
  23  2:12  Warp Gate  
  23  2:15  Probe (Chrono Boost)  
  26  2:20  Probe (Chrono Boost)  
  27  2:27  Twilight Council  
  27  2:29  Probe  
  28  2:33  Stalker (Chrono Boost)  
  30  2:39  Probe  
  30  2:42  Probe  
  32  2:51  Probe  
  33  2:54  Robotics Facility  
  33  2:56  Probe  
  34  3:03  Probe  
  35  3:08  Probe  
  36  3:15  Probe  
  36  3:17  Gateway  
  37  3:20  Dark Shrine, Probe  
  37  3:25  Adept  
  40  3:27  Probe  
  40  3:32  Pylon  
  42  3:40  Gateway  
  41  3:43  Warp Prism (Chrono Boost)  
  43  3:49  Probe  
  43  3:50  Probe  
  45  3:57  Assimilator  
  45  4:01  Probe  
  45  4:02  Assimilator, Probe  
  47  4:05  Adept  
  49  4:10  Pylon  
  49  4:11  Adept  
  49  4:14  Probe x2  
  53  4:21  Pylon  
  53  4:26  Probe  
  53  4:28  Probe  
  55  4:36  Dark Templar x3  
  55  4:38  Probe  
  62  4:40  Probe  
  63  4:50  Probe  
  63  4:52  Probe  
  64  5:02  Pylon  
  64  5:03  Blink  
  64  5:06  Forge  
  64  5:14  Pylon  
  64  5:19  Immortal (Chrono Boost)  
  60  5:26  Sentry x2  
  60  5:27  Sentry  
  66  5:32  Protoss Ground Weapons Level 1 (Chrono Boost)  
  66  5:37  Nexus  
  67  5:42  Probe  
  67  5:43  Probe  
  67  5:49  Immortal (Chrono Boost)  
  68  5:54  Probe  
  68  5:55  Probe  
  74  6:05  Gateway  
  74  6:06  Gateway  
  74  6:07  Gateway, Probe x2  
  74  6:09  Sentry x2  
  80  6:17  Gateway  
  78  6:19  Probe x2  
  80  6:26  Dark Templar  
  80  6:29  Photon Cannon  
  80  6:30  Pylon  
  80  6:31  Probe  
  83  6:35  Probe  
  84  6:40  Stalker, Archon  
  86  6:48  Probe  
  86  6:50  Probe x2  
  86  6:52  Assimilator, Stalker  
  91  6:58  Pylon  
  91  7:00  Observer  
  92  7:03  Stalker x3  
  92  7:04  Stalker  
  92  7:05  Stalker  
  102  7:11  Pylon  
  102  7:13  Probe x2  
  104  7:21  Stalker  
  104  7:22  Stalker  
  108  7:26  Stalker x2  
  108  7:27  Pylon, Stalker  
  105  7:45  Stalker x4  
  104  7:51  Stalker x3  

Tags
 
Add a new tag
Caveats
  • Supply blocks, unpowered buildings, or Contaminate may cause inaccurate times.
  • Supply counts are checked every 10 seconds.